 Dungeon Crawl Stone Soup version 0.30-a0-1093-gcfb1e0cf12 (console) character file.

Game seed: 2504149754738004951

57149 Kenran the Brawler (level 14, 0/84 HPs)
             Began as a Vine Stalker Chaos Knight on Apr 17, 2023.
             Was the Champion of Jiyva.
             Slain by a meliai (6 damage)
             ... in a Gauntlet.
             The game lasted 00:51:30 (16641 turns).

Kenran the Brawler (Vine Stalker Chaos Knight)     Turns: 16641, Time: 00:51:30

Health: 0/84       AC: 23    Str: 22    XL:     14   Next: 84%
Magic:  0/17       EV: 10    Int: 19    God:    Jiyva [******]
Gold:   1199       SH:  5    Dex: 16    Spells: 13/13 levels left

rFire   + . .      SeeInvis +    q - +8 dagger {flame, rF+}
rCold   . . .      Faith    .    o - +0 buckler "Zailorph" {rN+ Str+5 SInv}
rNeg    + . .      Spirit   +    K - +4 chain mail of the Desert {Slay+5}
rPois   .          Reflect  .    C - +2 helmet {SInv}
rElec   .          Rampage  .    r - +0 cloak
rCorr   +          NoTele   +    a - +0 pair of gloves
rMut    +                        D - +1 pair of boots
Will    ++...                    (no amulet) Stlth
                                 N - +4 ring of protection
HPRegen 2.74/turn                J - ring of willpower
MPRegen 0.65/turn

@: no status effects
A: fangs 3, regeneration 1, magic shield, antimagic bite, no potion heal 2,
iridescent scales 1, see invisible, agile 1, clever 2, high MP 2, mutation
resistance 3, gelatinous body 1, pseudopods 1, tendrils, MP-powered wands
a: Renounce Religion, Oozemancy, Slimify


You were in a Gauntlet.
You worshipped Jiyva.
Jiyva was exalted by your worship.
You visited 2 branches of the dungeon, and saw 20 of its levels.
You also visited: Bailey and Gauntlet.

You collected 1199 gold pieces.

Inventory:

Hand Weapons
 e - the +11 falchion of Tortfeasance {drain, rC++ SInv}
   (You found it on level 12 of the Dungeon)

   rC:        It greatly protects you from cold.
   SInv:      It lets you see invisible.
 q - the +8 dagger of the Chewing Seer (weapon) {flame, rF+}
   (You found it on level 5 of the Dungeon)

   rF:        It protects you from fire.
 P - the +5 Force Lance {heavy, knockback}
   (You found it on level 12 of the Dungeon)
Missiles
 y - 3 throwing nets
 B - 3 curare-tipped darts
Armour
 a - a +0 pair of gloves (worn)
 f - a +2 plate armour of willpower
 o - the +0 buckler "Zailorph" (worn) {rN+ Str+5 SInv}
   (You found it on level 4 of the Dungeon)

   Str:       It affects your strength (+5).
   rN:        It protects you from negative energy.
   SInv:      It lets you see invisible.
 r - a +0 cloak (worn)
 C - a +2 helmet of see invisible (worn)
 D - a +1 pair of boots (worn)
 K - the +4 chain mail of the Desert (worn) {Slay+5}
   (You found it on level 10 of the Dungeon)

   Slay:      It affects your accuracy & damage with ranged weapons and melee
   (+5).
Jewellery
 G - a ring of ice
 J - a ring of willpower (right hand)
 N - a +4 ring of protection (left hand)
Wands
 d - a wand of flame (15)
 n - a wand of paralysis (13)
 s - a wand of light (10)
Scrolls
 l - 3 scrolls of blinking
 p - a scroll of butterflies
 t - 2 scrolls of poison {!r}
 x - a scroll of acquirement {unknown}
 z - 2 scrolls of amnesia
 E - a scroll of magic mapping
 F - 6 scrolls of teleportation
 H - 4 scrolls of vulnerability {!r}
 I - 2 scrolls of fear
 L - a scroll of brand weapon {unknown}
 M - a scroll of torment {unknown}
Potions
 c - 5 potions of heal wounds {unknown}
 g - 4 potions of lignification {!q}
 h - 4 potions of flight
 i - 5 potions of curing {@q1}
 j - a potion of cancellation {unknown}
 k - a potion of berserk rage {unknown}
 m - 4 potions of might
 u - 2 potions of resistance
 v - 3 potions of haste {unknown}
 w - 2 potions of attraction {unknown}
 O - a potion of invisibility
Miscellaneous
 b - a piece from Xom's chessboard (15/15) (quivered)
 A - a lightning rod (4/4)


   Skills:
 - Level 14.0 Fighting
 - Level 10.0 Short Blades
 - Level 3.0 Armour
 - Level 3.0 Dodging
 - Level 3.0 Shields
 + Level 16.4 Unarmed Combat
 - Level 5.0 Evocations


You had 13 spell levels left.
You didn't know any spells.
Your spell library contained the following spells:

 Spells                   Type           Power      Damage    Failure   Level
 Apportation              Tloc           0%         N/A       87%         1
 Necrotise                Necr           0%         1d4       87%         1
 Shock                    Conj/Air       0%         1d3       87%         1
 Summon Small Mammal      Summ           0%         N/A       87%         1
 Cigotuvi's Dreadful Rot  Necr/Pois/Air  0%         N/A       95%         2
 Call Canine Familiar     Summ           0%         N/A       99%         3
 Portal Projectile        Hex/Tloc       0%         N/A       99%         3
 Summon Guardian Golem    Hex/Summ       0%         N/A       99%         3
 Swiftness                Air            0%         N/A       99%         3
 Tukima's Dance           Hex            0%         N/A       99%         3
 Vampiric Draining        Necr           0%         2d6       99%         3
 Airstrike                Air            0%         2d(0-16)  100%        4
 Dispel Undead            Necr           0%         3d6       100%        4
 Agony                    Necr           0%         N/A       100%        5
 Blade Hands              Tmut           0%         N/A       100%        5
 Death Channel            Necr           0%         N/A       100%        6
 Chain Lightning          Conj/Air       0%         N/A       100%        9
 Fire Storm               Conj/Fire      0%         5d1       100%        9
 Shatter                  Erth           0%         3d5*      100%        9


Dungeon Overview and Level Annotations

Branches:
Dungeon (15/15)            Temple (0/1) D:4            Lair (5/5) D:10
  Swamp (0/4) Lair:2        Snake (0/4) Lair:3        Slime (0/5) Lair:4
    Orc (0/2) D:9          Vaults (0/5) D:13         Bailey (visited)
Gauntlet (1/1)
 Depths: D:15

Altars:
Ashenzari
Dithmenos
Elyvilon
Makhleb
Okawaru
Ru
Trog
Vehumet
Wu Jian
Jiyva

Shops:
D:9 *

Annotations:
Lair:5 3 runed translucent doors, FlurksSlurper's ghost, journeyman DsBr Gauntlet 11 transporters, 2 runed translucent doors, exclusion: lightning spire


Innate Abilities, Weirdness & Mutations

You have razor-sharp teeth.
Your natural rate of healing is unusually fast.
When hurt, damage is shared between your health and your magic reserves.
Your bite disrupts and absorbs the magic of your enemies.
Potions cannot restore your health.
You are partially covered in iridescent scales. (AC +2)
You have supernaturally acute eyesight. (SInv)
You are agile. (Dex +4, Str/Int -1)
Your mind is very acute. (Int +8, Str/Dex -2)
You have a considerably increased reservoir of magic. (+20% MP)
You are almost entirely resistant to further mutation and mutation removal.
Your rubbery body absorbs attacks. (AC +1, EV +1)
Armour fits poorly on your pseudopods.
You are covered in slimy tendrils that may disarm your opponents.
You expend magic power (3 MP) to strengthen your wands.


Message History

Something smites you!
* * * LOW HITPOINT WARNING * * *
The meliai calls down the wrath of its god upon you.
Something smites you!
* * * LOW HITPOINT WARNING * * *
You barely miss the meliai. Your bite misses the meliai.
The meliai is moderately wounded.
The meliai closely misses you.
The meliai stings you but does no damage.
The meliai hits you.
The meliai stings you but does no damage.
Unknown command.
As you read the scroll of fear, it crumbles to dust.
You assume a fearsome visage.
The meliai looks frightened! x2
Cornered, the meliai turns to fight!
Cornered, the meliai turns to fight!
The meliai invokes the aid of its god against you.
Something smites you!
* * * LOW HITPOINT WARNING * * *
There is a transporter landing site here.
The meliai hits you but does no damage.
The meliai stings you but does no damage.
You puncture the meliai! You burn the meliai. You bite the meliai.
You drain its power.
You feel invigorated.
Your bludgeon misses the meliai.
The meliai is heavily wounded.
The meliai barely misses you. You block the meliai's attack.
You puncture the meliai! You burn the meliai.
You kill the meliai!
The meliai mumbles some strange prayers to its god against you.
Something smites you!
* * * LOW HITPOINT WARNING * * *
The meliai mumbles some strange prayers to its god against you.
Something smites you!
* * * LOW HITPOINT WARNING * * *
Things that are here:
a +0 hand axe; a +0 robe; a meliai corpse You closely miss the meliai.
Your bludgeon misses the meliai.
The meliai is moderately wounded.
The meliai barely misses you. The meliai stings you!
You die...

#[###.#.####..## ##..#####..#Z#.#
#?###...#..#..≈# #≈..#..#..?#.#.#
#©###©..#©.#..## ##..#.©####©.#.#
#[...##.#..#..≈###≈..#..#.....#.#
#....##.#..#..##≈##..#..#.####..#
#YY.....#..#.........#..#BZ.....#
#########..#......J..#..#########
........#..###########..#........
#########..#.....#[..#..#########
#.......#..#..##y)#..#..#.......#
#.###+#.#..#[.#.@##..#.J#[#.#.8.#
#=#~..#.#..#..##..#..#..#....†..#
#©#~©.#.#©©#©.#.©##..#©©#©#.©.8.#
#!#~..#.#..#[.##..#..#..#....)..#
#/###+#.#..#:.#..##..#..#.#.#.⌠.#
#8h.....#..#..##..#..#..#.......#
#########..#.....#...#..#########
........#..###########..#........
#########..#.........#..#########
#J......#..#...§§§...#..#WW.....#
#.####..#..#..##≈##..#..#.!.##..#


You could see a meliai.

Vanquished Creatures
  Snorg (Lair:4)
  Josephine (D:11)
  8 vault guards (D:13)
  A rakshasa (D:15)
  3 hydras
  A boulder beetle (D:11)
  5 centaur warriors
  A two-headed ogre (D:13)
  5 death yaks (Lair:1)
  Sonja (Lair:3)
  2 skysharks (Lair:4)
  A wizard (D:14)
  A necromancer (Gauntlet)
  2 manticores
  4 cyclopes
  9 elephants
  9 cane toads
  2 gargoyles
  7 black mambas
  An unseen horror (D:12)
  4 komodo dragons
  A kobold demonologist (D:12)
  A yaktaur (shapeshifter) (D:13)
  2 trolls
  5 meliai
  3 polar bears
  A hornet (shapeshifter) (D:15)
  6 blink frogs
  4 hornets (Lair:5)
  A dream sheep (Lair:5)
  A centaur simulacrum (D:14)
  Sigmund (D:2)
  4 shadows
  13 spriggans (Lair:5)
  31 yaks
  Eustachio (D:6)
  A basilisk (Lair:2)
  3 wyverns
  7 wraiths
  6 vampire mosquitoes
  Grum (D:11)
  2 steam dragons (D:8)
  3 wargs (D:10)
  2 acid dragons
  3 nagas (Lair:3)
  11 water moccasins
  A swamp drake (Lair:2)
  8 black bears
  4 ice beasts
  8 orc warriors
  An ogre (D:5)
  27 wolves
  3 boggarts (Lair:5)
  A phantom (D:9)
  11 centaurs
  4 kobold brigands
  8 bullfrogs
  2 gnoll sergeants
  4 scorpions
  8 wights
  A troll zombie (D:9)
  6 killer bees
  2 electric eels (D:10)
  7 howler monkeys
  6 orc priests
  Crazy Yiuf (D:5)
  5 iguanas
  7 orc wizards
  5 ogre zombies (D:9)
  22 gnolls
  3 adders
  A shadow imp (D:8)
  A white imp (D:6)
  25 orcs
  10 bats
  9 endoplasms
  2 giant cockroaches
  7 goblins
  5 hobgoblins
  7 jackals
  6 quokkas
  7 ball pythons
  4 frilled lizards (D:1)
  3 goblin zombies (D:9)
  2 hobgoblin skeletons (D:9)
  3 hobgoblin zombies (D:9)
  21 kobolds
  An orc skeleton (D:9)
  10 orc zombies (D:9)
  4 rats
466 creatures vanquished.

Vanquished Creatures (collateral kills)
  A hydra (Lair:5)
  A skyshark (Lair:5)
  A cane toad (Lair:5)
  A hornet (Lair:5)
  A spriggan (Lair:5)
  3 yaks (Lair:5)
8 creatures vanquished.

Vanquished Creatures (others)
  A centaur warrior (D:13)
  A yaktaur (D:14)
  A slime creature (D:13)
  A vampire (D:13)
  A black bear (D:6)
  A wolf (Lair:5)
  A centaur (D:14)
  A bullfrog (D:6)
  A scorpion (D:5)
  43 jellies
  A gnoll bouda (D:6)
  An iguana (D:6)
  An orc wizard (D:10)
  3 gnolls (D:6)
  4 orcs
  4 jackals (D:4)
  A quokka (D:4)
  6 kobolds
  42 fungi
  75 plants
  4 withered plants (Gauntlet)
194 creatures vanquished.

Grand Total: 668 creatures vanquished

Notes
Turn   | Place    | Note
-------+----------+-------------------------------------------
     0 | D:1      | Kenran the Vine Stalker Chaos Knight began the quest for
                  | the Orb.
     0 | D:1      | Reached XP level 1. HP: 11/11 MP: 2/2
    79 | D:1      | Reached XP level 2. HP: 14/16 MP: 3/3
   228 | D:1      | You fall into a shaft and drop 1 floor!
   313 | D:1      | Reached XP level 3. HP: 19/20 MP: 4/4
   427 | D:1      | Reached skill level 4 in Unarmed Combat
   594 | D:2      | XOM: silly message
   706 | D:2      | Noticed Sigmund
   708 | D:2      | XOM: potion effect (invisibility)
   721 | D:2      | XOM: potion effect (might)
   727 | D:2      | Killed Sigmund
   728 | D:2      | Reached skill level 6 in Unarmed Combat
   728 | D:2      | Gained mutation: Your natural rate of healing is unusually
                  | fast. [Vine Stalker growth]
   728 | D:2      | Reached XP level 4. HP: 24/24 MP: 2/5
   728 | D:2      | Reached XP level 5. HP: 28/28 MP: 2/6
  1099 | D:3      | XOM: smoke on damage
  1101 | D:3      | Reached XP level 6. HP: 30/32 MP: 7/7
  1243 | D:3      | XOM: divination: magic mapping
  1749 | D:3      | XOM: draining
  1986 | D:3      | Found a radiant altar of Vehumet.
  1986 | D:3      | Found a white marble altar of Elyvilon.
  1998 | D:3      | Found a burning altar of Makhleb.
  2003 | D:3      | Found a faded altar of an unknown god.
  2005 | D:3      | Found a faded altar of an unknown god.
  2016 | D:3      | Prayed at the altar of an unknown god.
  2016 | D:3      | Fell from the grace of Xom
  2016 | D:3      | Became a worshipper of Jiyva Jaurecuk the Shapeless
  2016 | D:3      | Reached * piety under Jiyva
  2189 | D:4      | Found a staircase to the Ecumenical Temple.
  2386 | D:4      | Reached ** piety under Jiyva
  2447 | D:4      | XOM: polymorph jackal -> giant cockroach
  2571 | D:4      | XOM: stat loss: -2 Str (15/17)
  2741 | D:4      | Reached skill level 7 in Unarmed Combat
  2745 | D:4      | Identified the +0 buckler "Zailorph" {rN+ Str+5 SInv}
  2760 | D:4      | XOM: summons 3 hostile shadow creatures
  2947 | D:4      | Found an iron altar of Okawaru.
  2960 | D:4      | Found a sacrificial altar of Ru.
  3079 | D:5      | Entered Level 5 of the Dungeon
  3242 | D:5      | Reached *** piety under Jiyva
  3253 | D:5      | Identified the +8 dagger of the Chewing Seer {flame, rF+}
  3270 | D:5      | Gained mutation: You have an increased reservoir of magic.
                  | (+10% MP) [Jiyva's grace]
  3270 | D:5      | Gained mutation: You have a considerably increased
                  | reservoir of magic. (+20% MP) [Jiyva's grace]
  3270 | D:5      | Gained mutation: You have a greatly increased reservoir of
                  | magic. (+30% MP) [Jiyva's grace]
  3270 | D:5      | Gained mutation: Your body has grown eyes which may confuse
                  | attackers. (Acc +3) [Jiyva's grace]
  3270 | D:5      | Noticed a water moccasin
  3277 | D:5      | Killed a water moccasin
  3278 | D:5      | Reached XP level 7. HP: 36/36 MP: 10/10
  3478 | D:5      | Reached skill level 1 in Short Blades
  3526 | D:5      | XOM: 1-stop teleportation journey
  3835 | D:5      | Found a runed translucent door.
  3836 | D:5      | Noticed Crazy Yiuf
  3841 | D:5      | Killed Crazy Yiuf
  4047 | D:5      | Reached **** piety under Jiyva
  4150 | D:5      | XOM: silly message
  4213 | D:5      | Gained mutation: You have razor-sharp teeth. [Vine Stalker
                  | growth]
  4213 | D:5      | Reached XP level 8. HP: 42/42 MP: 11/11
  4245 | D:5      | XOM: silly message
  4370 | D:5      | XOM: divination: detect creatures
  4624 | D:6      | XOM: noise
  4674 | D:6      | Noticed Eustachio
  4683 | D:6      | XOM: silly message
  4697 | D:6      | Killed Eustachio
  4704 | D:6      | Reached skill level 5 in Short Blades
  4983 | D:6      | Gained mutation: Your spells are a little harder to cast,
                  | but a little more powerful. [Jiyva's grace]
  4983 | D:6      | Gained mutation: Your spells are harder to cast, but more
                  | powerful. [Jiyva's grace]
  4983 | D:6      | Gained mutation: Your spells are much harder to cast, but
                  | much more powerful. [Jiyva's grace]
  4983 | D:6      | Gained mutation: You are robust. (+10% HP) [Jiyva's grace]
  5047 | D:6      | Found an ornate altar of the Wu Jian Council.
  5095 | D:6      | Reached ***** piety under Jiyva
  5542 | D:7      | Reached XP level 9. HP: 48/49 MP: 12/12
  5727 | D:7      | Found the Hermit's Pendant {Faith Invo=14 Evo=0 MP+5}
  5881 | D:7      | XOM: give mutations
  5881 | D:7      | Gained mutation: You are partially covered in iridescent
                  | scales. (AC +2) [Xom's mischief]
  5881 | D:7      | Lost mutation: Your spells are much harder to cast, but
                  | much more powerful. [Xom's mischief]
  5881 | D:7      | Lost mutation: Your spells are harder to cast, but more
                  | powerful. [Xom's mischief]
  5978 | D:7      | Reached skill level 1 in Dodging
  6219 | D:8      | Reached skill level 1 in Shields
  6310 | D:8      | XOM: 2-stop teleportation journey
  6346 | D:8      | Found a flagged portal.
  6400 | Bailey   | Entered a bailey
  6588 | Bailey   | Reached skill level 5 in Fighting
  6772 | D:8      | Lost mutation: Your body has grown eyes which may confuse
                  | attackers. (Acc +3) [Jiyva's grace]
  6772 | D:8      | Gained mutation: You are very robust. (+20% HP) [Jiyva's
                  | grace]
  6772 | D:8      | Gained mutation: You are extremely robust. (+30% HP)
                  | [Jiyva's grace]
  6772 | D:8      | Gained mutation: You are mostly covered in iridescent
                  | scales. (AC +4) [Jiyva's grace]
  6772 | D:8      | Gained mutation: You are completely covered in iridescent
                  | scales. (AC +6) [Jiyva's grace]
  6784 | D:8      | Reached XP level 10. HP: 66/66 MP: 14/14
  6795 | D:8      | Reached skill level 10 in Short Blades
  6801 | D:8      | Reached skill level 8 in Unarmed Combat
  6819 | D:8      | Found a shadowy altar of Dithmenos.
  6837 | D:8      | XOM: summons 5 hostile demons
  6926 | D:8      | XOM: give mutation
  6926 | D:8      | Lost mutation: Your spells are a little harder to cast, but
                  | a little more powerful. [Xom's mischief]
  6976 | D:8      | Reached ****** piety under Jiyva
  7376 | D:9      | Found Dijaguq's Elemental Accessories.
  7389 | D:9      | Found a bloodstained altar of Trog.
  7539 | D:9      | Reached skill level 9 in Unarmed Combat
  7549 | D:9      | Found a staircase to the Orcish Mines.
  7855 | D:10     | Entered Level 10 of the Dungeon
  7868 | D:10     | XOM: give mutations
  7868 | D:10     | Lost mutation: You have a greatly increased reservoir of
                  | magic. (+30% MP) [Xom's mischief]
  7868 | D:10     | Gained mutation: You have sharp toenails. [Xom's mischief]
  7868 | D:10     | Gained mutation: You expend magic power (3 MP) to
                  | strengthen your wands. [Xom's mischief]
  7868 | D:10     | Gained mutation: You are strong-willed. (Will+) [Xom's
                  | mischief]
  7906 | D:10     | Reached skill level 10 in Unarmed Combat
  7940 | D:10     | Identified the +4 chain mail of the Desert {Slay+5}
  8140 | D:10     | Reached skill level 11 in Unarmed Combat
  8157 | D:10     | Reached XP level 11. HP: 68/71 MP: 12/14
  8195 | D:10     | Found a staircase to the Lair.
  8231 | D:10     | Reached skill level 12 in Unarmed Combat
  8532 | D:10     | Lost mutation: You are completely covered in iridescent
                  | scales. (AC +6) [Jiyva's grace]
  8532 | D:10     | Lost mutation: You are extremely robust. (+30% HP) [Jiyva's
                  | grace]
  8532 | D:10     | Gained mutation: Your rubbery body absorbs attacks. (AC +1,
                  | EV +1) [Jiyva's grace]
  8532 | D:10     | Gained mutation: Your pliable body absorbs attacks. (AC +2,
                  | EV +2) [Jiyva's grace]
  8532 | D:10     | Gained mutation: Your gelatinous body deflects attacks. (AC
                  | +3, EV +3) [Jiyva's grace]
  8532 | D:10     | Gained mutation: Your melee attacks may engulf your foes in
                  | ooze. [Jiyva's grace]
  8619 | D:10     | XOM: summons 2 hostile demons
  8670 | Lair:1   | Entered Level 1 of the Lair of Beasts
  8756 | Lair:1   | Noticed a death yak
  8756 | Lair:1   | Noticed a death yak
  8756 | Lair:1   | Noticed a death yak
  8756 | Lair:1   | Noticed a death yak
  8757 | Lair:1   | Noticed a death yak
  8858 | Lair:1   | XOM: stat loss: -1 Int (11/12)
  9077 | Lair:1   | Killed a death yak
  9084 | Lair:1   | Killed a death yak
  9098 | Lair:1   | Killed a death yak
  9105 | Lair:1   | Killed a death yak
  9110 | Lair:1   | Killed a death yak
  9111 | Lair:1   | Reached XP level 12. HP: 78/78 MP: 15/15
  9138 | Lair:1   | Identified the +2 ring mail of Ereuha Wuyv {rElec Str+2
                  | Dex-2}
  9593 | Lair:2   | XOM: give mutations
  9593 | Lair:2   | Lost mutation: You are very robust. (+20% HP) [Xom's
                  | mischief]
  9593 | Lair:2   | Gained mutation: You occasionally shout uncontrollably at
                  | your foes. [Xom's mischief]
  9593 | Lair:2   | Lost mutation: You occasionally shout uncontrollably at
                  | your foes. [Xom's mischief]
  9604 | Lair:2   | XOM: 2-stop teleportation journey
  9642 | Lair:2   | Reached skill level 13 in Unarmed Combat
  9706 | Lair:2   | Noticed a six-headed hydra
  9741 | Lair:2   | Killed a six-headed hydra
 10033 | Lair:2   | Found a staircase to the Swamp.
 10068 | Lair:2   | Reached skill level 10 in Fighting
 10237 | Lair:2   | XOM: summons 14 hostile demons
 10435 | Lair:3   | Lost mutation: You are mostly covered in iridescent scales.
                  | (AC +4) [Jiyva's grace]
 10435 | Lair:3   | Lost mutation: Your melee attacks may engulf your foes in
                  | ooze. [Jiyva's grace]
 10435 | Lair:3   | Gained mutation: Your melee attacks may engulf your foes in
                  | ooze. [Jiyva's grace]
 10435 | Lair:3   | Gained mutation: You have a small jelly attached to you
                  | that may absorb projectiles. [Jiyva's grace]
 10435 | Lair:3   | Gained mutation: Your mind is acute. (Int +4, Str/Dex -1)
                  | [Jiyva's grace]
 10435 | Lair:3   | Gained mutation: Your mind is very acute. (Int +8, Str/Dex
                  | -2) [Jiyva's grace]
 10838 | Lair:3   | XOM: noise
 10891 | Lair:3   | Noticed Sonja
 10898 | Lair:3   | Killed Sonja
 10899 | Lair:3   | Reached skill level 14 in Unarmed Combat
 11202 | Lair:3   | Found a staircase to the Snake Pit.
 11248 | Lair:3   | XOM: polymorph jelly -> howler monkey
 11307 | Lair:4   | Found a staircase to the Slime Pits.
 11400 | Lair:4   | Lost mutation: You are strong-willed. (Will+) [Jiyva's
                  | grace]
 11400 | Lair:4   | Gained mutation: Your translucent skin slightly reduces
                  | your foes' accuracy. (Stealth+) [Jiyva's grace]
 11400 | Lair:4   | Gained mutation: Your translucent skin reduces your foes'
                  | accuracy. (Stealth+) [Jiyva's grace]
 11400 | Lair:4   | Gained mutation: Your transparent skin significantly
                  | reduces your foes' accuracy. (Stealth+) [Jiyva's grace]
 11400 | Lair:4   | Gained mutation: You have supernaturally acute eyesight.
                  | (SInv) [Jiyva's grace]
 11437 | Lair:4   | Noticed a skyshark
 11454 | Lair:4   | Killed a skyshark
 11524 | Lair:4   | Reached XP level 13. HP: 79/79 MP: 16/16
 11803 | Lair:4   | Reached skill level 15 in Unarmed Combat
 11846 | Lair:4   | Reached skill level 1 in Evocations
 12049 | Lair:5   | Entered Level 5 of the Lair of Beasts
 12049 | Lair:5   | Noticed Snorg
 12070 | Lair:4   | Killed Snorg
 12231 | Lair:5   | XOM: cast spell 'Summon Dragon'
 12265 | Lair:5   | Reached skill level 5 in Evocations
 12321 | Lair:5   | Identified the +1 broad axe of the Present {holy, Will+}
 12424 | Lair:5   | Lost mutation: You are robust. (+10% HP) [Jiyva's grace]
 12424 | Lair:5   | Lost mutation: Your gelatinous body deflects attacks. (AC
                  | +3, EV +3) [Jiyva's grace]
 12424 | Lair:5   | Lost mutation: Your transparent skin significantly reduces
                  | your foes' accuracy. (Stealth+) [Jiyva's grace]
 12424 | Lair:5   | Lost mutation: Your translucent skin reduces your foes'
                  | accuracy. (Stealth+) [Jiyva's grace]
 12424 | Lair:5   | Lost mutation: Your melee attacks may engulf your foes in
                  | ooze. [Jiyva's grace]
 12424 | Lair:5   | Gained mutation: Armour fits poorly on your pseudopods.
                  | [Jiyva's grace]
 12424 | Lair:5   | Gained mutation: Armour fits poorly on your large
                  | pseudopods. [Jiyva's grace]
 12424 | Lair:5   | Gained mutation: Armour fits poorly on your massive
                  | pseudopods. [Jiyva's grace]
 12424 | Lair:5   | Gained mutation: You are agile. (Dex +4, Str/Int -1)
                  | [Jiyva's grace]
 12459 | Lair:5   | Found a runed translucent gate.
 12460 | Lair:5   | Found a runed translucent gate.
 12460 | Lair:5   | Noticed FlurksSlurper's ghost (journeyman DsBr)
 12461 | Lair:5   | Found a runed translucent gate.
 12755 | Lair:5   | XOM: stat loss: -3 Int (16/19)
 13224 | Lair:3   | XOM: summons 4 hostile shadow creatures
 13247 | Lair:2   | XOM: stat loss: -1 Str (21/22)
 13247 | Lair:2   | Was forgiven by Xom
 13340 | D:11     | Found a broken altar of Ashenzari.
 13558 | D:11     | Reached skill level 16 in Unarmed Combat
 13558 | D:11     | Reached XP level 14. HP: 60/79 MP: 14/17
 13654 | D:11     | Noticed Grum
 13669 | D:11     | Killed Grum
 13714 | D:11     | Noticed Josephine
 13725 | D:11     | Killed Josephine
 14054 | D:12     | Identified the +11 falchion of Tortfeasance {drain, rC++
                  | SInv}
 14056 | D:12     | Found the +5 Force Lance {heavy, knockback}
 14233 | D:12     | Lost mutation: You have sharp toenails. [Jiyva's grace]
 14233 | D:12     | Lost mutation: You are partially covered in iridescent
                  | scales. (AC +2) [Jiyva's grace]
 14233 | D:12     | Lost mutation: Your pliable body absorbs attacks. (AC +2,
                  | EV +2) [Jiyva's grace]
 14233 | D:12     | Lost mutation: Armour fits poorly on your massive
                  | pseudopods. [Jiyva's grace]
 14233 | D:12     | Lost mutation: Your translucent skin slightly reduces your
                  | foes' accuracy. (Stealth+) [Jiyva's grace]
 14233 | D:12     | Gained mutation: You are partially covered in iridescent
                  | scales. (AC +2) [Jiyva's grace]
 14233 | D:12     | Gained mutation: You are mostly covered in iridescent
                  | scales. (AC +4) [Jiyva's grace]
 14233 | D:12     | Gained mutation: You are completely covered in iridescent
                  | scales. (AC +6) [Jiyva's grace]
 14233 | D:12     | Gained mutation: Your melee attacks may engulf your foes in
                  | ooze. [Jiyva's grace]
 14872 | D:13     | Found an iron altar of Okawaru.
 14876 | D:13     | Identified the +4 falchion of Gallantry {heavy, rPois rF+
                  | Stlth+}
 15087 | D:13     | Found a gate to the Vaults.
 15664 | D:14     | Lost mutation: You are completely covered in iridescent
                  | scales. (AC +6) [Jiyva's grace]
 15664 | D:14     | Lost mutation: You are mostly covered in iridescent scales.
                  | (AC +4) [Jiyva's grace]
 15664 | D:14     | Lost mutation: Armour fits poorly on your large pseudopods.
                  | [Jiyva's grace]
 15664 | D:14     | Lost mutation: You have a small jelly attached to you that
                  | may absorb projectiles. [Jiyva's grace]
 15664 | D:14     | Lost mutation: Your melee attacks may engulf your foes in
                  | ooze. [Jiyva's grace]
 15664 | D:14     | Gained mutation: You are somewhat resistant to further
                  | mutation. [Jiyva's grace]
 15664 | D:14     | Gained mutation: You are somewhat resistant to both further
                  | mutation and mutation removal. [Jiyva's grace]
 15664 | D:14     | Gained mutation: You are almost entirely resistant to
                  | further mutation and mutation removal. [Jiyva's grace]
 15664 | D:14     | Gained mutation: You are covered in slimy tendrils that may
                  | disarm your opponents. [Jiyva's grace]
 16231 | D:14     | Identified the +0 leather armour "Lutass" {Str+8 Stlth+}
 16352 | D:15     | Entered Level 15 of the Dungeon
 16377 | D:15     | Found a gate leading to a gauntlet.
 16416 | Gauntlet | Entered a Gauntlet
 16416 | Gauntlet | Found a transporter.
 16416 | Gauntlet | Found a transporter.
 16418 | Gauntlet | Found a transporter.
 16421 | Gauntlet | Found a transporter.
 16435 | Gauntlet | Found a transporter.
 16455 | Gauntlet | Found a transporter.
 16456 | Gauntlet | Found a transporter.
 16456 | Gauntlet | Found a transporter.
 16473 | Gauntlet | Found a transporter.
 16477 | Gauntlet | Noticed a dire elephant
 16482 | Gauntlet | Found a runed translucent door.
 16484 | Gauntlet | Found a transporter.
 16486 | Gauntlet | Found a runed translucent door.
 16491 | Gauntlet | Noticed a quicksilver ooze
 16494 | Gauntlet | Found a transporter.
 16508 | Gauntlet | Found a transporter.
 16529 | Gauntlet | Found a transporter.
 16542 | Gauntlet | Found a transporter.
 16641 | Gauntlet | Slain by a meliai

Illustrated notes

Levels and vault maps discovered:
D:1:      spicycebolla_green_bress_n_ham_2, layout_basic, minmay_unequal
D:2:      layout_rooms, minivault_26, cheibrodos_gnoll_hut, uniq_sigmund
D:3:      layout_basic, chequers_temple_overflow_minitemple,
          minmay_quadrilaterals
D:4:      layout_loops_corners, mainiacjoe_overflow_swirl, temple_green,
          kennysheep_generic_room_9
D:5:      layout_layer_cave, kennysheep_windowed_goal, uniq_crazy_yiuf_cottage
D:6:      layout_cave_pods, mainiacjoe_overflow_boulevard, uniq_eustachio
D:7:      layout_loops_cross
D:8:      layout_basic, nicolae_overflow_crystal_walls, enter_bailey_8
D:9:      layout_cave_pools, trog_butcher_becter, zombieorc1_lemuel,
          nicolae_elemental_shop, minmay_variable_closet
D:10:     layout_roguey, erik_lair_orcish_takeover, serial_curves,
          eino_curves_01, eino_curves_02, serial_bayou_lake_a
D:11:     layout_roguey, evilmike_ruin_ashenzari, uniq_josephine, uniq_grum
D:12:     hellmonk_ruined_rings, layout_cave_pods
D:13:     layout_irregular_city, erik_vaults_2, okawaru_ov_weapons_minmay
D:14:     layout_loops_corners
D:15:     hangedman_depths_entry_try_elsewhere_first, layout_rooms,
          gauntlet_entry_generic, abandoned_shop, uniq_louise, uniq_roxanne,
          uniq_kirke
Lair:1:   layout_hall_layers, minmay_stone_trees_medium,
          chequers_serial_rivers_micro_e, minivault_25, beast_lair_carwin_9,
          infiniplex_staircase_pool_2
Lair:2:   layout_small_grid, minmay_swamp_entry_reptiles, beast_lair_carwin_6
Lair:3:   layout_cave_pods, nicolae_snake_entry_squirm, uniq_sonja
Lair:4:   layout_long_grid, slime_entry_1
Lair:5:   minmay_lair_end_enchanted_forest, layout_cave_shapes,
          gammafunk_ghost_hydra_chop, serial_bayou_shore_a, uniq_snorg
Gauntlet: gammafunk_gauntlet_mixed_choke_point
          [minmay_gauntlet_arena_77_radiant_squares,
          minmay_gauntlet_arena_77_museum, minmay_gauntlet_arena_77_two_lines,
          gammafunk_gauntlet_arena_teeth, minmay_gauntlet_arena_77_block_sizes,
          minmay_gauntlet_arena_77_shame_cube,
          minmay_gauntlet_arena_77_hold_the_fort,
          dreamdust_gauntlet_exit_labyrinth]

Skill      XL: |  1  2  3  4  5  6  7  8  9 10 11 12 13 14 |
---------------+-------------------------------------------+-----
Fighting       | 3 4 5 8 10 11 14 | 14.0
Unarmed Combat | 6 7 11 12 14 16 | 16.4
Short Blades   | 3 7 9 10 | 10.0
Dodging        | 1 3 |  3.0
Shields        | 2 3 |  3.0
Armour         | 3 |  3.0
Evocations     | 5 |  5.0

Action                     |  1- 3 |  4- 6 |  7- 9 | 10-12 | 13-15 || total
---------------------------+-------+-------+-------+-------+-------++-------
  Melee: Unarmed           |    98 |   139 |       |       |       ||   237
         Bite              |    20 |    32 |    75 |   235 |   273 ||   635
         Punch             |     1 |     6 |       |       |       ||     7
         Dagger            |       |     3 |   228 |   605 |   631 ||  1467
         Pseudopods        |       |       |       |       |   133 ||   133
  Evoke: Wand              |       |     3 |       |     1 |       ||     4
         Piece from Xom's  |       |       |     1 |       |       ||     1
    Use: Scroll            |     2 |     1 |     6 |     5 |     7 ||    21
         Potion            |     1 |     1 |       |     2 |       ||     4
   Stab: Sleeping          |     3 |     2 |       |     6 |       ||    11
         Invisible         |     1 |       |       |       |       ||     1
         Paralysed         |       |     3 |       |     1 |       ||     4
         Petrified         |       |       |     3 |       |       ||     3
         Confused          |       |       |     3 |       |       ||     3
         Petrifying        |       |       |       |     1 |       ||     1
         Distracted        |       |       |       |       |     1 ||     1
         Betrayed ally     |       |       |       |       |     1 ||     1
 Armour: Leather armour    |    22 |    32 |    33 |    30 |       ||   117
         Skin              |     6 |     7 |       |       |       ||    13
         Chain mail        |       |       |       |   197 |   259 ||   456
  Dodge: Dodged            |    57 |    78 |    84 |   236 |   286 ||   741
  Block: Buckler           |       |     3 |    30 |   104 |   126 ||   263

Table legend: (Time is in decaauts)
 A = Elapsed time spent in this place.
 B = Non-inter-level travel time spent in this place.
 C = Inter-level travel time spent in this place.
 D = Time resting spent in this place.
 E = Time spent auto-exploring this place.
 F = Levels seen in this place.
 G = Mean time per level.
                   A        B        C        D        E       F      G
               +--------+--------+--------+--------+--------+-----+--------+
         Total |  16049 |  15412 |    637 |    310 |  10471 |  22 |  729.5 |
       Dungeon |  11213 |  10801 |    412 |    278 |   7602 |  15 |  747.5 |
          Lair |   4330 |   4106 |    224 |     28 |   2799 |   5 |  866.0 |
        Bailey |    294 |    294 |      0 |      4 |     69 |   1 |  294.0 |
      Gauntlet |    211 |    211 |      0 |      0 |      0 |   1 |  211.0 |
               +--------+--------+--------+--------+--------+-----+--------+

Top non-repeatable levels by time:
     D:5: 1540 daAuts
     D:3: 1083 daAuts
  Lair:5: 1022 daAuts
     D:4: 927 daAuts
  Lair:3: 901 daAuts
     D:6: 888 daAuts
  Lair:2: 844 daAuts
    D:10: 829 daAuts
    D:14: 801 daAuts
  Lair:1: 788 daAuts
  Lair:4: 773 daAuts
    D:13: 720 daAuts
    D:11: 715 daAuts
    D:12: 679 daAuts
     D:7: 676 daAuts
